 Dungeon Crawl Stone Soup version 0.29-a0-286-g41199d4a87 (webtiles) character file.

Game seed: 659061117552016314

402 Essalna the Magician (level 6, -7/30 HPs)
             Began as a Spriggan Venom Mage on Mar 16, 2022.
             Mangled by a steam dragon (10 damage)
             ... on level 4 of the Dungeon.
             The game lasted 00:07:55 (4397 turns).

Essalna the Magician (Spriggan Venom Mage)          Turns: 4397, Time: 00:07:56

Health: -7/30      AC:  4    Str: 10    XL:     6   Next: 55%
Magic:  8/24       EV: 17    Int: 19    God:
Gold:   265        SH:  0    Dex: 15    Spells: 9/16 levels left

rFire   . . .      SeeInvis +   t - +1 dagger (venom)
rCold   . . .      Faith    .   (no shield)
rNeg    . . .      Spirit   .   n - +2 robe {Will+}
rPois   .          Reflect  .   (helmet restricted)
rElec   .          Harm     .   (no cloak)
rCorr   .          Rampage  .   (gloves unavailable)
Will    ++...                   (boots unavailable)
Stlth   ++........              (no amulet)
HPRegen 0.10/turn               p - +6 ring of strength
MPRegen 0.19/turn               v - ring of magical power

@: very slightly contaminated, studying Shields, very quick
A: very small, no large weapons, unfitting armour, see invisible, speed 3
a: no special abilities


You were on level 4 of the Dungeon.
You visited 1 branch of the dungeon, and saw 4 of its levels.

You collected 265 gold pieces.

Inventory:

Hand Weapons
 d - a +0 spear
 t - a +1 dagger of venom (weapon)
Armour
 a - a +0 robe
 n - a +2 robe of willpower (worn)
Jewellery
 p - a +6 ring of strength (left hand)
 v - a ring of magical power (right hand)
Scrolls
 c - 3 scrolls of enchant armour {unknown}
 e - 6 scrolls of identify {unknown}
 g - a scroll of immolation {unknown}
 k - a scroll of fog {unknown}
 m - 3 scrolls of vulnerability {unknown}
 o - a scroll of noise {unknown}
 r - 3 scrolls of teleportation {unknown}
 s - 2 scrolls of enchant weapon {unknown}
 u - a scroll of magic mapping {unknown}
 x - a scroll of torment {unknown}
Potions
 b - a potion of magic
 f - a potion of lignification {unknown}
 h - a potion of flight {unknown}
 i - a potion of resistance {unknown}
 j - a potion of mutation {unknown}
 l - a potion of heal wounds {unknown}
 q - a potion of attraction {unknown}
 w - 2 potions of curing {unknown}
 z - a potion of degeneration {unknown}
 A - a potion of cancellation {unknown}


   Skills:
 + Level 1.2 Fighting
 - Level 2.6 Dodging
 - Level 3.0 Stealth
 + Level 5.8 Spellcasting
 - Level 1.3 Transmutations
 + Level 1.4 Air Magic
 + Level 5.3 Poison Magic


You had 9 spell levels left.
You knew the following spells:

 Your Spells              Type           Power      Damage    Failure   Level
a - Sting                 Tmut/Pois      72%        1d6       3%          1
b - Poisonous Vapours     Pois/Air       36%        N/A       4%          2
c - Olgreb's Toxic Radia  Pois           25%        N/A       13%         4

Your spell library contained the following spells:

 Spells                   Type           Power      Damage    Failure   Level
 Mephitic Cloud           Conj/Pois/Air  14%        N/A       14%         3


Dungeon Overview and Level Annotations

Branches:
Dungeon (4/15)
 Temple: D:4-7

Altars:

Annotations:
D:2 1 runed translucent door, Crazy Yiuf


Innate Abilities, Weirdness & Mutations

You are very small and have problems with some larger weapons.
You are too small for most types of armour.
You have supernaturally acute eyesight. (SInv)
You cover ground extremely quickly. (Speed+++)


Message History

The steam dragon looks as sick as possible!
The steam dragon bites you but does no damage.
The steam dragon closely misses you.
Casting: Poisonous Vapours (safe; 4% risk of failure)
Confirm with . or Enter, or press ? or * to list all spells.
Aiming: Poisonous Vapours (safe; 4% risk of failure)
Press: ? - help, Dir - move target, f/p - steam dragon
Aim: a steam dragon (lightly wounded, extremely poisoned) Poisonous vapours surround the steam dragon!
The steam dragon looks as sick as possible!
The steam dragon misses you. The steam dragon barely misses you.
Casting: Poisonous Vapours (safe; 4% risk of failure)
Confirm with . or Enter, or press ? or * to list all spells.
Aiming: Poisonous Vapours (safe; 4% risk of failure)
Press: ? - help, Dir - move target, f/p - steam dragon
Aim: a steam dragon (lightly wounded, extremely poisoned) Poisonous vapours surround the steam dragon!
The steam dragon looks as sick as possible!
The steam dragon bites you. The steam dragon misses you.
Casting: Poisonous Vapours (safe; 4% risk of failure)
Confirm with . or Enter, or press ? or * to list all spells.
Aiming: Sting (safe; 3% risk of failure)
Press: ? - help, Shift-Dir - straight line, f/p - steam dragon
Aim: a steam dragon (lightly wounded, extremely poisoned, 74% to hit)
You miscast Sting.
You are very lightly contaminated with residual magic.
Nothing appears to happen.
The steam dragon bites you. The steam dragon barely misses you.
Casting: Sting (safe; 3% risk of failure)
Confirm with . or Enter, or press ? or * to list all spells.
Aiming: Sting (safe; 3% risk of failure)
Press: ? - help, Shift-Dir - straight line, f/p - steam dragon
Aim: a steam dragon (lightly wounded, extremely poisoned, 74% to hit)
You miscast Sting.
Nothing appears to happen.
The steam dragon breathes steam at you. The ball of steam hits you!!
Ouch! That really hurt!
* * * LOW HITPOINT WARNING * * *
The steam dragon bites you!
You die...

#...... ############# #......
#####...........###### #......
#.............)......####......
#................†.....###.....
#.....#########..........##....
##..###.......####........#....
#..)............###...(.......
#..........§§@....#.........#.
###........§§§D..)#.......#.##
####.....§§###..##.....##.##
#########))...#....###.#
..D...).).).#..### #..
..)....†....#### ##.
..).....##### .. ######### ..


You could see a steam dragon (extremely poisoned, catching breath).

Vanquished Creatures
  Sigmund (D:2)
  Natasha (thrice) (D:3)
  Robin (D:4)
  4 adders
  An ufetubus (D:4)
  3 dart slugs
  12 orcs
  3 ball pythons
  5 endoplasms
  2 giant cockroaches
  14 goblins
  8 hobgoblins
  8 kobolds
  4 quokkas
  7 bats
  4 frilled lizards
  6 rats
86 creatures vanquished.

Notes
Turn   | Place    | Note
-------+----------+-------------------------------------------
     0 | D:1      | Essalna the Spriggan Venom Mage began the quest for the
                  | Orb.
     0 | D:1      | Reached XP level 1. HP: 9/9 MP: 5/5
   312 | D:1      | Reached XP level 2. HP: 13/13 MP: 2/7
  1274 | D:1      | Found a faded altar of an unknown god.
  1342 | D:2      | Reached XP level 3. HP: 16/16 MP: 3/9
  1492 | D:2      | Noticed Sigmund
  1510 | D:2      | Killed Sigmund
  1511 | D:2      | Reached skill level 5 in Spellcasting
  1511 | D:2      | Reached XP level 4. HP: 17/21 MP: 0/12
  1511 | D:2      | Reached XP level 5. HP: 19/24 MP: 0/13
  1528 | D:2      | Learned a level 2 spell: Poisonous Vapours
  1533 | D:2      | Learned a level 4 spell: Olgreb's Toxic Radiance
  1869 | D:2      | Found a runed translucent door.
  1870 | D:2      | Noticed Crazy Yiuf
  2539 | D:3      | Reached skill level 5 in Poison Magic
  3217 | D:3      | Noticed Natasha
  3226 | D:3      | Killed Natasha
  3227 | D:3      | Reached XP level 6. HP: 14/29 MP: 15/15
  3487 | D:3      | Noticed Natasha
  3493 | D:3      | Killed Natasha
  3494 | D:3      | Reached skill level 1 in Air Magic
  3723 | D:3      | Noticed Natasha
  3740 | D:3      | Killed Natasha
  3741 | D:3      | Reached skill level 1 in Fighting
  4350 | D:4      | Noticed Robin
  4360 | D:4      | Killed Robin
  4367 | D:4      | Noticed a steam dragon
  4397 | D:4      | Mangled by a steam dragon

Illustrated notes

Levels and vault maps discovered:
D:1:      elethiomel_arrival_maze, layout_loops_ring,
          shapermc_ecumenical_altar_mp_vishouse
D:2:      layout_basic, minmay_stone_trees_small, chequers_avenue, uniq_sigmund,
          uniq_crazy_yiuf_cottage
D:3:      layout_basic, uniq_natasha
D:4:      kennysheep_spiral_hall, layout_rooms, lemuel_crystal_altar,
          saegor_snake_ambush, uniq_pikel, uniq_blork_the_orc, uniq_robin,
          uniq_menkaure

Skill      XL: |  1  2  3  4  5  6 |
---------------+-------------------+-----
Spellcasting   | 3 5 |  5.8
Poison Magic   | 4 5 |  5.3
Air Magic      | 1 |  1.4
Fighting       | 1 |  1.2
Dodging        | |  2.6
Stealth        | |  3.0
Transmutations | |  1.3

Action                   |  1- 3 |  4- 6 || total
-------------------------+-------+-------++-------
Melee: Spear             |    15 |     1 ||    16
       Dagger            |       |     7 ||     7
 Cast: Sting             |    51 |   102 ||   153
       Poisonous Vapours |       |     9 ||     9
       Olgreb's Toxic Ra |       |     3 ||     3
 Stab: Sleeping          |     1 |       ||     1
Armor: Robe              |     5 |     7 ||    12
Dodge: Dodged            |    26 |    38 ||    64

Table legend: (Time is in decaauts)
 A = Elapsed time spent in this place.
 B = Non-inter-level travel time spent in this place.
 C = Inter-level travel time spent in this place.
 D = Time resting spent in this place.
 E = Time spent auto-exploring this place.
 F = Levels seen in this place.
 G = Mean time per level.
                   A        B        C        D        E       F      G
               +--------+--------+--------+--------+--------+-----+--------+
         Total |   3402 |   3332 |     70 |      0 |   2906 |   4 |  850.5 |
       Dungeon |   3402 |   3332 |     70 |      0 |   2906 |   4 |  850.5 |
               +--------+--------+--------+--------+--------+-----+--------+

Top non-repeatable levels by time:
     D:3: 1281 daAuts
     D:1: 996 daAuts
     D:2: 874 daAuts
     D:4: 250 daAuts
